Map: Undercurrent LE

Players

Guinness

  • Race: Protoss Protoss
  • League: Master
  • Spawn Location: 7:00

Hoorly

  • Race: Zerg Zerg
  • Spawn Location: 7:00

Ekelpack

  • Race: Zerg Zerg
  • Spawn Location: 3:00

Nyck

  • Race: Terran Terran
  • Spawn Location: 1:00

VOD

Have the link to the VOD?

Description

Time

  • Played on: Jan. 1, 2025, 12:23 p.m.
  • Length: 17:13
Show
View Real Time Build Order
Export as new Build Order

Guinness Protoss 

Build Orders: 1 Gate Expand, Blink Stalkers 

Get SALT Encoding   

  1  0:00  Probe  
  12  0:04  Probe  
  14  0:14  Probe  
  15  0:21  Pylon  
  15  0:39  Probe  
  15  0:40  Gateway  
  16  0:45  Assimilator  
  16  0:51  Probe  
  17  1:03  Probe  
  18  1:16  Probe  
  19  1:30  Cybernetics Core  
  20  1:32  Probe  
  20  1:39  Nexus  
  20  1:45  Assimilator  
  20  1:50  Probe  
  21  2:02  Gateway, Probe  
  21  2:07  Warp Gate  
  22  2:14  Probe  
  23  2:20  Pylon  
  22  2:26  Probe  
  22  2:27  Stalker  
  23  2:38  Probe  
  23  2:42  Pylon  
  26  2:57  Twilight Council, Probe  
  27  3:04  Probe  
  27  3:05  Stalker  
  28  3:12  Probe  
  31  3:16  Stalker  
  31  3:19  Blink  
  33  3:31  Gateway  
  33  3:35  Probe  
  33  3:38  Pylon  
  33  3:41  Probe  
  35  3:54  Probe x2  
  37  4:06  Probe x2  
  39  4:10  Stalker x2  
  43  4:17  Gateway  
  43  4:18  Probe x2  
  45  4:26  Assimilator  
  45  4:30  Probe  
  45  4:31  Pylon  
  46  4:37  Probe  
  46  4:38  Templar Archives  
  47  4:41  Stalker  
  47  4:42  Probe  
  47  4:45  Stalker  
  52  4:55  Probe  
  52  4:56  Probe  
  52  4:59  Assimilator  
  54  5:01  Stalker  
  54  5:06  Stalker  
  58  5:10  Charge  
  58  5:13  Pylon  
  59  5:14  Probe  
  59  5:17  Gateway  
  59  5:21  Probe  
  60  5:28  Psionic Storm  
  60  5:42  Stalker  
  62  5:51  Nexus  
  62  5:54  Pylon  
  62  5:57  Stalker  
  62  5:58  Stalker  
  66  6:10  Forge  
  66  6:12  Forge  
  66  6:14  Stalker x2  
  64  6:42  Stalker x2  
  64  6:43  Stalker x2  
  64  6:50  Stalker  
  66  6:56  Probe x2  
  66  6:59  Assimilator  
  68  7:02  Assimilator  
  68  7:04  Protoss Ground Weapons Level 1  
  68  7:05  Pylon  
  68  7:06  Protoss Ground Armor Level 1  
  68  7:08  Probe  
  69  7:09  Photon Cannon  
  69  7:12  Photon Cannon  
  69  7:14  Shield Battery  
  69  7:15  Stalker  
  71  7:16  Stalker  
  71  7:19  Probe  
  74  7:23  Probe  
  75  7:30  Probe  
  75  7:31  Probe  
  75  7:35  Probe  
  72  7:42  Probe  
  67  7:44  Stalker x4  
  67  7:54  Stalker  
  67  7:55  Photon Cannon  
  67  8:17  Stalker x5  
  71  8:40  Stalker x3  
  71  8:41  Stalker x2  
  69  8:55  Probe x3  
  68  9:06  High Templar x2  
  68  9:07  Probe x3  
  75  9:10  High Templar  
  75  9:14  Stalker x2  
  81  9:28  Gateway  
  81  9:32  Nexus, Gateway  
  81  9:33  Probe x2  
  81  9:34  Photon Cannon  
  81  9:38  Stalker x2  
  87  9:43  High Templar x2  
  91  9:47  Archon  
  91  9:54  Photon Cannon, Protoss Ground Weapons Level 2  
  91  9:57  Photon Cannon  
  91  10:40  Stalker x3  
  91  10:41  Stalker x4  
  105  10:45  Probe  
  105  10:47  Probe x2  
  105  10:48  Probe  
  109  10:53  Probe  
  107  10:59  Probe  
  107  11:00  Probe x2  
  111  11:09  Stalker x6  
  123  11:34  Assimilator  
  123  11:36  Pylon  
  123  11:39  Assimilator, Probe  
  124  11:41  Pylon  
  124  11:46  Gateway  
  124  11:47  Pylon  
  124  11:48  Gateway  
  124  11:49  Pylon, Gateway  
  124  11:52  Gateway  
  125  11:54  Probe  
  125  11:56  Gateway  
  73  12:30  Stalker x2  
  73  12:31  Stalker x5  
  83  12:44  Protoss Ground Weapons Level 3  
  83  12:45  Protoss Ground Armor Level 2, Gateway  
  83  12:49  Gateway  
  83  12:51  Stalker x4  
  83  12:54  Photon Cannon  
  83  12:56  Photon Cannon  
  83  12:58  Probe x3  
  94  12:59  Photon Cannon  
  94  13:01  Photon Cannon  
  94  13:03  Shield Battery  
  94  13:07  High Templar x2  
  94  13:08  High Templar x2  
  94  13:09  High Templar x2, Gateway  
  94  13:10  High Templar x2, Gateway  
  94  13:11  Pylon  
  110  13:16  Archon x3  
  110  13:17  Stalker  
  110  13:18  Stalker x2  
  116  13:21  High Templar  
  118  13:31  Probe x3  
  121  13:41  Stalker x4  
  123  13:43  Pylon, Probe  
  130  14:03  Pylon  
  130  14:07  Stalker  
  130  14:08  Stalker  
  130  14:09  Stalker x5  
  144  14:17  Pylon  
  144  14:22  Stalker x2  
  144  14:23  Stalker x2  
  152  14:39  Photon Cannon  
  152  14:40  Photon Cannon  
  152  14:43  Photon Cannon  
  152  14:46  Photon Cannon  
  152  14:58  Probe x3  
  155  15:02  Photon Cannon  
  155  15:10  Probe  
  128  15:29  Stalker  
  128  15:30  Stalker x5  
  128  15:31  Stalker x7  
  128  15:32  Stalker  
  148  15:44  Probe x2  
  143  16:50  Nexus, Pylon  
Show
View Real Time Build Order
Export as new Build Order

Hoorly Zerg 

Build Orders: Hatch First 

Get SALT Encoding   

  12  0:02  Drone  
  13  0:12  Overlord  
  13  0:17  Drone  
  14  0:30  Drone x2  
  16  0:35  Drone  
  17  0:52  Drone  
  17  0:54  Hatchery  
  17  1:02  Drone  
  18  1:10  Spawning Pool  
  17  1:15  Extractor  
  16  1:21  Drone  
  17  1:32  Drone x2  
  20  1:40  Drone  
  20  1:51  Overlord  
  20  1:56  Hatchery  
  19  2:02  Queen  
  21  2:12  Queen  
  23  2:17  Drone  
  23  2:19  Drone  
  25  2:25  Metabolic Boost  
  25  2:29  Zergling x2  
  26  2:32  Zergling x2  
  26  2:36  Drone  
  28  2:46  Spore Crawler  
  28  2:51  Queen  
  27  2:57  Drone x2  
  27  2:58  Drone  
  33  3:00  Drone  
  34  3:06  Drone x2  
  36  3:14  Queen  
  38  3:23  Lair  
  38  3:27  Drone x3  
  38  3:30  Drone  
  42  3:38  Overlord x2  
  42  3:43  Overlord  
  42  3:56  Drone x7  
  49  4:12  Drone  
  49  4:13  Drone x7  
  57  4:26  Evolution Chamber  
  57  4:27  Evolution Chamber  
  57  4:30  Hatchery  
  54  4:35  Queen  
  54  4:36  Overlord  
  54  4:37  Overlord  
  56  4:44  Infestation Pit  
  55  4:52  Baneling Nest  
  54  4:53  Extractor  
  54  4:54  Extractor  
  53  5:07  Zergling x34  
  53  5:12  Zerg Melee Weapons Level 1  
  69  5:17  Zergling x2  
  69  5:18  Zergling x4  
  72  5:30  Drone x7  
  79  5:36  Spore Crawler  
  79  5:37  Spore Crawler  
  79  5:38  Spore Crawler  
  79  5:39  Spore Crawler  
  63  5:52  Spore Crawler  
  63  5:54  Spore Crawler x2  
  63  5:56  Queen, Spore Crawler  
  47  6:20  Baneling  
  47  6:21  Baneling x6  
  47  6:31  Zergling x2  
  47  6:32  Zergling x32  
  64  6:40  Zerg Ground Armor Level 1  
  64  7:00  Drone x11  
  63  7:13  Spore Crawler  
  56  7:16  Queen, Spore Crawler  
  56  7:17  Spore Crawler  
  56  7:20  Spore Crawler  
  49  7:37  Drone x2  
  49  7:38  Drone x4  
  49  7:41  Drone x5  
  60  7:48  Spore Crawler  
  59  7:52  Zergling x2  
  59  7:53  Zergling x12  
  59  7:54  Zergling x2  
  59  7:56  Zergling x2  
  59  7:57  Zergling x2  
  63  8:19  Zergling x2  
  56  8:20  Zergling x24  
  62  8:33  Zergling x2  
  62  8:34  Zergling x10  
  63  8:56  Drone x7  
  70  9:05  Hatchery  
  62  9:21  Zergling x16  
  66  9:29  Spore Crawler  
  66  9:31  Zergling x6, Spore Crawler  
  62  9:32  Queen x2, Spore Crawler  
  69  9:38  Extractor  
  69  9:42  Hatchery  
  69  9:44  Hive  
  69  9:45  Hatchery  
  64  9:51  Zergling x6  
  64  9:52  Zergling x6  
  55  10:30  Zergling x2  
  55  10:31  Zergling x18  
  55  10:32  Queen  
  66  10:36  Spore Crawler  
  66  10:38  Spore Crawler  
  47  10:51  Spore Crawler  
  47  10:52  Spore Crawler  
  47  10:55  Spore Crawler  
  44  11:20  Zergling x24  
  44  11:21  Zergling x10  
  54  11:34  Queen  
  54  11:37  Drone  
  54  11:38  Drone x6  
  48  12:24  Zerg Melee Weapons Level 2  
  48  12:37  Drone x11  
  48  12:38  Drone x2  
  48  12:40  Zergling x18  
  48  12:41  Zergling x2  
  63  12:59  Spore Crawler  
  63  13:02  Spore Crawler  
  63  13:03  Spore Crawler  
  58  13:15  Zergling x2  
  58  13:16  Zergling x38  
  67  13:35  Baneling x3  
  62  13:43  Spore Crawler  
  62  13:45  Zergling x16  
  62  13:46  Spine Crawler  
  62  13:47  Spine Crawler  
  62  13:48  Spine Crawler  
  60  14:02  Burrow  
  60  14:09  Spore Crawler x2  
  43  14:51  Drone x11  
  43  14:52  Drone  
  40  15:20  Adrenal Glands  
  40  15:39  Spore Crawler  
  39  15:50  Infestor x6  
  51  16:10  Hatchery  
  50  16:12  Hatchery  
  49  16:26  Queen  
  49  16:27  Queen  
  53  16:47  Drone x3  
  56  16:48  Drone x3  
  59  16:57  Drone x3  
  59  16:58  Drone  
  59  16:59  Drone x2  
  65  17:02  Extractor  
  65  17:04  Extractor  
  65  17:06  Spore Crawler  
Show
View Real Time Build Order
Export as new Build Order

Ekelpack Zerg 

Build Orders: Hatch First 

Get SALT Encoding   

  12  0:00  Drone  
  13  0:12  Overlord  
  13  0:17  Drone  
  14  0:31  Drone  
  15  0:45  Hatchery  
  15  0:47  Drone  
  15  1:05  Drone x2  
  15  1:10  Spawning Pool  
  16  1:18  Extractor  
  16  1:23  Drone  
  16  1:24  Drone  
  17  1:31  Drone  
  18  1:43  Drone  
  19  1:57  Queen x2  
  19  2:01  Drone  
  24  2:08  Drone  
  25  2:10  Drone  
  25  2:13  Overlord  
  26  2:24  Drone  
  26  2:25  Drone  
  28  2:33  Lair  
  28  2:38  Drone x2  
  30  2:47  Drone x3  
  33  2:52  Extractor  
  33  2:56  Drone x2  
  34  3:04  Extractor, Overlord  
  34  3:05  Drone  
  34  3:12  Drone x2  
  36  3:23  Overlord  
  36  3:24  Drone x3  
  36  3:25  Drone  
  40  3:28  Extractor  
  40  3:33  Spire  
  38  3:34  Drone  
  38  3:36  Drone  
  40  3:45  Drone x3  
  43  3:56  Overlord x2  
  43  4:04  Drone  
  43  4:08  Metabolic Boost  
  44  4:10  Overlord x2  
  44  4:44  Mutalisk x4  
  44  4:45  Mutalisk x5  
  54  4:50  Zerg Flyer Weapons Level 1  
  62  4:54  Mutalisk x2  
  66  5:04  Queen  
  68  5:13  Hatchery  
  67  5:26  Zergling x6  
  67  5:27  Zergling x12  
  76  5:29  Overlord x2  
  76  5:55  Mutalisk  
  76  5:56  Mutalisk x2  
  76  5:57  Zergling x2, Overlord x4  
  75  6:43  Mutalisk x4  
  75  6:44  Mutalisk x2  
  71  7:11  Drone x2  
  71  7:12  Drone x2  
  73  7:20  Mutalisk  
  73  7:21  Zergling x2  
  76  7:30  Drone x2  
  68  7:59  Mutalisk x4  
  68  8:00  Mutalisk x4  
  77  8:34  Mutalisk  
  77  8:35  Zergling x2, Mutalisk x2  
  77  8:36  Zergling x4  
  80  9:00  Drone x3  
  80  9:01  Drone, Zerg Flyer Weapons Level 2  
  84  9:24  Hatchery  
  84  9:26  Drone  
  84  9:27  Drone x3  
  87  9:39  Drone x5  
  83  10:27  Zergling x2  
  83  10:28  Zergling x12  
  86  10:29  Zergling x8  
  86  10:33  Drone x4  
  90  10:50  Drone x2  
  90  10:51  Drone x4  
  92  11:04  Mutalisk x6  
  86  11:07  Extractor  
  86  11:10  Extractor  
  94  11:25  Queen  
  72  11:36  Drone x4  
  72  11:37  Drone x6  
  52  12:30  Zergling x10  
  52  12:31  Zergling x12  
  58  12:42  Mutalisk x5  
  68  12:52  Drone  
  69  13:01  Roach Warren  
  68  13:22  Mutalisk x2  
  68  13:23  Mutalisk x4  
  56  13:55  Drone  
  56  13:56  Drone x4  
  61  14:07  Drone x2  
  61  14:08  Drone x2  
  58  14:38  Drone x6  
  61  14:40  Drone  
  61  15:25  Overlord x4  
  61  15:26  Overlord  
  52  15:41  Overlord x6  
  52  15:42  Overlord  
  52  16:09  Zergling x10  
  55  16:24  Hatchery  
  50  16:28  Zergling x6  
Show
View Real Time Build Order
Export as new Build Order

Nyck Terran 

Build Orders:  

Get SALT Encoding   

  12  0:00  SCV  
  13  0:13  SCV  
  14  0:17  Supply Depot  
  14  0:25  SCV  
  15  0:39  SCV  
  15  0:41  Barracks  
  16  0:52  SCV  
  17  0:57  Refinery  
  17  1:00  Refinery  
  17  1:05  SCV  
  18  1:18  SCV  
  19  1:35  Reaper  
  20  1:40  Supply Depot  
  20  1:42  Orbital Command  
  20  2:05  Factory  
  20  2:10  SCV  
  21  2:17  Command Center  
  21  2:21  Marine  
  22  2:25  SCV  
  23  2:39  SCV  
  24  2:52  SCV  
  24  2:55  Hellion  
  24  2:57  Starport  
  27  3:04  Marine  
  27  3:05  SCV  
  29  3:17  SCV  
  30  3:23  Marine  
  31  3:28  Supply Depot  
  31  3:29  SCV, Hellion  
  34  3:34  Starport  
  34  3:37  Viking  
  36  3:44  SCV  
  37  3:54  Orbital Command  
  37  3:56  SCV  
  37  3:57  Hellion  
  40  4:03  Supply Depot  
  40  4:04  Engineering Bay  
  40  4:15  SCV  
  41  4:17  Refinery  
  41  4:19  Refinery  
  41  4:23  SCV  
  42  4:32  Starport Reactor x2  
  42  4:34  Armory  
  42  4:36  SCV x2  
  44  4:48  SCV x2  
  44  4:49  Marine  
  47  4:56  Supply Depot  
  47  5:00  SCV x2  
  49  5:11  Viking  
  49  5:12  SCV x2, Viking  
  55  5:19  Viking x2  
  59  5:25  Terran Ship Weapons Level 1  
  59  5:45  SCV x2, Command Center  
  59  5:49  Viking  
  63  5:57  SCV x2  
  56  6:17  SCV x2  
  58  6:27  Marine  
  58  6:29  SCV x2  
  61  6:37  Viking x4  
  69  6:41  SCV  
  70  6:47  Supply Depot  
  70  6:48  SCV, Marine  
  70  6:53  SCV  
  68  7:00  SCV  
  64  7:05  Planetary Fortress  
  64  7:06  SCV  
  62  7:13  SCV  
  62  7:14  Liberator x2  
  63  7:22  SCV  
  64  7:25  SCV  
  65  7:34  SCV, Supply Depot, Liberator  
  69  7:37  SCV  
  70  7:44  SCV  
  70  7:46  SCV  
  70  7:49  SCV  
  70  7:50  Refinery  
  73  7:56  SCV  
  74  7:59  SCV  
  74  8:01  SCV  
  76  8:08  SCV  
  76  8:11  SCV  
  76  8:20  Liberator x3  
  76  8:21  Liberator  
  75  8:49  SCV x2  
  75  8:50  SCV  
  75  8:53  Refinery  
  78  9:01  SCV  
  78  9:02  SCV x2  
  81  9:03  Liberator  
  83  9:13  SCV  
  79  9:21  SCV x2  
  77  9:26  SCV  
  78  9:32  Liberator  
  78  9:33  SCV, Viking x2  
  78  9:38  SCV  
  88  9:45  SCV  
  88  9:46  Viking  
  88  9:50  SCV  
  91  9:57  SCV, Terran Ship Weapons Level 2  
  92  10:02  SCV  
  93  10:09  SCV  
  75  10:54  SCV x2  
  77  11:00  Command Center  
  77  11:03  Command Center  
  77  11:05  Liberator  
  77  11:06  SCV x2, Liberator x3  
  77  11:08  Command Center  
  91  11:18  SCV x2  
  93  11:30  SCV  
  94  11:51  Fusion Core, SCV x2  
  74  11:55  Command Center  
  72  12:03  SCV  
  71  12:19  SCV x2  
  58  12:29  Liberator  
  58  12:30  Liberator x3  
  58  12:32  Marine  
  58  12:35  Widow Mine  
  73  12:38  SCV x2  
  75  12:50  SCV x2  
  77  13:02  SCV  
  79  13:12  Liberator x2  
  79  13:15  SCV  
  79  13:16  Barracks  
  79  13:18  Barracks  
  85  13:25  Barracks Tech Lab  
  85  13:27  SCV  
  86  13:39  SCV  
  84  13:54  SCV  
  65  14:06  Starport Tech Lab, SCV  
  65  14:09  Starport Tech Lab  
  64  14:15  Planetary Fortress  
  64  14:18  SCV  
  65  14:30  SCV  
  70  14:31  Battlecruiser  
  70  14:42  SCV  
  71  14:54  SCV  
  68  15:06  SCV  
  69  15:18  SCV  
  44  15:34  SCV  
  45  15:42  Starport Reactor  
  45  15:43  Starport Tech Lab  
  45  15:46  Armory  
  45  15:47  SCV  
  45  15:48  Battlecruiser  
  52  15:59  SCV  
  52  16:02  Planetary Fortress  
  53  16:07  SCV  
  53  16:11  SCV  
  55  16:23  SCV  
  48  16:35  SCV  
Tags
 
Add a new tag
Caveats
  • Supply blocks, unpowered buildings, or Contaminate may cause inaccurate times.
  • Supply counts are checked every 10 seconds.